 Dungeon Crawl Stone Soup version 0.23-a0-451-g1044d4c (webtiles) character file.

277 galech the Skirmisher (level 6, -4/48 HPs)
             Began as a Demonspawn Fighter on Nov 22, 2018.
             Was an Initiate of Okawaru.
             Slain by Pikel
             ... wielding a +1 whip of electrocution
              (20 damage)
             ... on level 3 of the Dungeon.
             The game lasted 00:03:42 (2395 turns).

galech the Skirmisher (Demonspawn Fighter)          Turns: 2395, Time: 00:03:43

Health: -4/48      AC:  7    Str: 16    XL:     6   Next: 4%
Magic:  6/6        EV:  8    Int:  9    God:    Okawaru [......]
Gold:   199        SH:  9    Dex: 15    Spells: 5/5 levels left

rFire    + . .     SeeInvis .   a - +0 war axe
rCold    x . .     Gourm    .   c - +0 shield
rNeg     . . .     Faith    .   b - +0 scale mail
rPois    .         Spirit   .   (helmet restricted)
rElec    .         Reflect  .   (no cloak)
rCorr    .         Harm     .   (no gloves)
MR       .....                  (no boots)
Stlth    ..........             (no amulet)
HPRegen  0.16/turn              m - ring of fire
MPRegen  0.10/turn              (no ring)

@: no status effects
A: antennae 1, spiny 1, rot immunity, sturdy frame 1
a: Renounce Religion


You were on level 3 of the Dungeon.
You worshipped Okawaru.
Okawaru was noncommittal.
You were not hungry.

You visited 1 branch of the dungeon, and saw 4 of its levels.

You collected 199 gold pieces.

Inventory:

Hand Weapons
 a - a +0 war axe (weapon)
Armour
 b - a +0 scale mail (worn)
 c - a +0 shield (worn)
Jewellery
 m - a ring of fire (left hand)
Scrolls
 e - 2 scrolls of remove curse
 i - a scroll of magic mapping
 n - a scroll of enchant armour {unknown}
 p - a scroll of teleportation
 q - a scroll of identify
Potions
 g - 3 potions of haste {unknown}
 h - a potion of flight {unknown}
 j - 4 potions of curing
 k - 2 potions of lignification {unknown}
 l - a potion of brilliance {unknown}
 o - a potion of heal wounds {unknown}
Comestibles
 d - 6 chunks of flesh
 f - 7 rations


   Skills:
 + Level 3.7 Fighting
 + Level 3.7 Axes
 + Level 3.7 Armour
 + Level 1.2 Dodging
 + Level 0.1 Stealth
 + Level 3.5 Shields


You had 5 spell levels left.
You didn't know any spells.
Your spell library was empty.

Dungeon Overview and Level Annotations

Branches:
Dungeon (4/15)
 Temple: D:4-7

Altars:
Cheibriados
Okawaru

Annotations:
D:3 Pikel


Innate Abilities, Weirdness & Mutations

You have a pair of small antennae on your head.
You are partially covered in sharp spines.
You are immune to rotting.
Your movements are slightly less encumbered by armour. (ER -2)


Message History

You start waiting.
Pikel is too close now for your liking. Pikel completely misses you.
You climb upwards.
There is a stone staircase leading down here.
You hit Pikel.
Pikel is lightly wounded.
Pikel hits you but does no damage.
You are electrocuted!
You closely miss Pikel.
Pikel is lightly wounded.
Pikel hits you but does no damage.
You are electrocuted!
Pikel is struck by your spines.
Pikel hits you with a +1 whip of electrocution.
You are electrocuted!
* * * LOW HITPOINT WARNING * * *
It was a potion of curing.
You feel better. Pikel is struck by your spines.
Pikel hits you with a +1 whip of electrocution.
* * * LOW HITPOINT WARNING * * *
You feel better. Pikel hits you but does no damage.
You are electrocuted!
You die...

###########.#
#...........#
#.#########.# #.#
#.# #.# #.# #.#
#.# ######.# #.#
.......#########.#
...............K@#
###.##....########
###.##.##'#######
.......#........#
###.####........#
................#
###.#...........#
###.#...........#
....#...........#


You could see Pikel.

Vanquished Creatures
  Sigmund (D:2)
  Robin (D:3)
  3 adders (D:3)
  A worm (D:3)
  2 dart slugs
  4 leopard geckos
  2 giant cockroaches
  9 goblins
  13 hobgoblins
  8 jackals
  A quokka (D:2)
  7 bats
  9 frilled lizards
  A jackal skeleton (D:3)
  5 kobolds
  5 rats
72 creatures vanquished.

Notes
Turn   | Place    | Note
-------+----------+-------------------------------------------
     0 | D:1      | galech the Demonspawn Fighter began the quest for the Orb.
     0 | D:1      | Reached XP level 1. HP: 18/18 MP: 1/1
    46 | D:1      | Gained mutation: Your movements are slightly less
                  | encumbered by armour. (ER -2) [demonic ancestry]
    46 | D:1      | Reached XP level 2. HP: 22/24 MP: 2/2
   560 | D:2      | Gained mutation: You are immune to rotting. [demonic
                  | ancestry]
   560 | D:2      | Reached XP level 3. HP: 22/29 MP: 3/3
   830 | D:2      | Noticed Sigmund
   842 | D:2      | HP: 1/29 [Sigmund/cursed +0 scythe (6)]
   843 | D:2      | Killed Sigmund
   843 | D:2      | Reached skill level 1 in Dodging
   843 | D:2      | Gained mutation: You have a pair of small antennae on your
                  | head. [demonic ancestry]
   843 | D:2      | Reached XP level 4. HP: 2/36 MP: 4/4
   843 | D:2      | Reached XP level 5. HP: 2/41 MP: 5/5
  1237 | D:2      | Found a snail-covered altar of Cheibriados.
  1402 | D:2      | Found an iron altar of Okawaru.
  1408 | D:2      | Became a worshipper of Warmaster Okawaru
  1685 | D:3      | Noticed Robin
  1710 | D:3      | Killed Robin
  2095 | D:3      | Gained mutation: You are partially covered in sharp spines.
                  | [demonic ancestry]
  2095 | D:3      | Reached XP level 6. HP: 46/48 MP: 6/6
  2378 | D:4      | Noticed Pikel
  2378 | D:4      | Noticed a slave
  2378 | D:4      | Noticed a slave
  2395 | D:3      | Slain by Pikel

Vault maps used:
D:1:      ncdulo_halloftheorcs
D:2:      nicolae_overflow_crystal_walls, overflow_temple_1_default,
          uniq_sigmund
D:3:      eino_tiny_chamber, wad_floor_pattern_untrapped, uniq_robin
D:4:      lemuel_zombie_altar_yredelemnul, kennysheep_mini_moat,
          minmay_temple_entry_hall, nicolae_ossuary_entry_giza, uniq_pikel,
          uniq_menkaure

Skill      XL: |  1  2  3 |
---------------+----------+-----
Axes           | 2 3 |  3.7
Shields        | 3 |  3.5
Armour         | 3 |  3.7
Dodging        | 1 |  1.2
Fighting       | |  3.7
Stealth        | |  0.1

Action                   |  1- 3 |  4- 6 || total
-------------------------+-------+-------++-------
Melee: War axe           |   103 |   106 ||   209
  Use: Potion            |     1 |     2 ||     3
       Scroll            |       |     3 ||     3
  Eat: Chunk             |       |     5 ||     5
Armor: Scale mail        |    67 |    46 ||   113
Dodge: Dodged            |    40 |    49 ||    89
Block: Shield            |    71 |    59 ||   130

Table legend:
 A = Non-vault XP
 B = Vault XP
 C = Vault XP percentage of total XP
 D = Non-vault monster count
 E = Vault monster count
 F = Vault count percentage of total count
                 A         B        C        D         E       F
            +---------+---------+-------+---------+---------+-------
      Total |     138 |     259 |  65.2 |      58 |      14 |  19.4
            +---------+---------+-------+---------+---------+-------
        D:1 |      35 |       0 |   0.0 |      20 |       0 |   0.0
        D:2 |      27 |     220 |  89.1 |      17 |       1 |   5.6
        D:3 |      68 |      39 |  36.4 |      17 |      13 |  43.3
        D:4 |       8 |       0 |   0.0 |       4 |       0 |   0.0
            +---------+---------+-------+---------+---------+-------
